 Dungeon Crawl Stone Soup version 0.30-a0-715-gdb4ae3ece1 (webtiles) character file.

Game seed: 15794502214866353102

6359 ragingrage the Cleaver (level 10, -4/69 HPs)
             Began as a Ghoul Wanderer on Jan 25, 2023.
             Was a Believer of Ru.
             Slain by a spriggan
             ... wielding a +0 trident
              (17 damage)
             ... in a bailey.
             The game lasted 00:20:45 (11660 turns).

ragingrage the Cleaver (Ghoul Wanderer)            Turns: 11660, Time: 00:20:46

Health: -4/69      AC:  7    Str: 23    XL:     10   Next: 96%
Magic:  8/10       EV: 11    Int: 14    God:    Ru [**....]
Gold:   155        SH:  0    Dex: 19    Spells: 2/11 levels left

rFire   . . .      SeeInvis .    l - +8 battleaxe of Gufimut {flame, rPois Str+4 Int+4}
rCold   + . .      Faith    .    (shield currently unavailable)
rNeg    + + +      Spirit   .    G - +0 acid dragon scales
rPois   ∞          Reflect  .    (no helmet)
rElec   .          Harm     .    (no cloak)
rCorr   +          Rampage  .    (no gloves)
Will    .....                    (no boots)
Stlth   +++                      x - amulet of magic regeneration
HPRegen 0.00/turn                i - +6 ring of dexterity
MPRegen 0.52/turn                c - +6 ring of dexterity

@: inhibited regen
A: claws 1, cold resistance 1, negative energy resistance 3, inhibited
regeneration, torment resistance 2, inability to use devices, devour on kill
a: Renounce Religion


You were in a bailey.
You worshipped Ru.
Ru was pleased with you.
You visited 1 branch of the dungeon, and saw 9 of its levels.
You also visited: Sewer and Bailey.

You collected 317 gold pieces.
You spent 162 gold pieces at shops.

Inventory:

Hand Weapons
 a - a +1 dagger of venom
 l - the +8 battleaxe of Gufimut (weapon) {flame, rPois Str+4 Int+4}
   (You found it on level 6 of the Dungeon)

   Str:       It affects your strength (+4).
   Int:       It affects your intelligence (+4).
   rPois:     It protects you from poison.
 n - a +1 dagger of freezing
 B - a +3 dagger
 J - a +0 arbalest
Missiles
 e - 18 boomerangs
 f - 25 poisoned darts
 k - 3 javelins
 F - 6 silver javelins
 K - 5 datura-tipped darts
Armour
 G - +0 acid dragon scales (worn)
Jewellery
 c - a +6 ring of dexterity (right claw)
 i - a +6 ring of dexterity (left claw)
 x - an amulet of magic regeneration (around neck)
 z - a ring of magical power
Scrolls
 g - 2 scrolls of poison
 h - 2 scrolls of enchant weapon
 j - 4 scrolls of teleportation
 m - a scroll of vulnerability
 p - a scroll of fog {unknown}
 s - a scroll of magic mapping {unknown}
 u - a scroll of immolation {unknown}
 y - 2 scrolls of fear
 E - 2 scrolls of noise {unknown}
 I - 2 scrolls of enchant armour {unknown}
Potions
 b - 3 potions of haste
 d - 3 potions of flight
 o - 3 potions of resistance
 q - a potion of heal wounds
 t - a potion of magic
 w - a potion of lignification {unknown}
 A - 3 potions of curing
 C - 3 potions of ambrosia
 D - a potion of brilliance {unknown}
 H - a potion of cancellation


   Skills:
 * Level 9.7 Axes
 - Level 4.0 Armour
 - Level 4.0 Stealth
 - Level 2.6 Shields
 - Level 6.7 Unarmed Combat
 - Level 1.0 Spellcasting
 + Level 1.7 Conjurations
 - Level 4.0 Transmutations
 - Level 1.0 Fire Magic
 + Level 5.4 Air Magic
 + Level 5.5 Poison Magic


You had 2 spell levels left.
You knew the following spells:

 Your Spells              Type           Power      Damage    Failure   Level
a - Sting                 Tmut/Pois      56%        1d5       4%          1
b - Poisonous Vapours     Pois/Air       32%        N/A       5%          2
c - Swiftness             Air            15%        N/A       11%         3
d - Mephitic Cloud        Conj/Pois/Air  12%        N/A       17%         3

Your spell library contained the following spells:

 Spells                   Type           Power      Damage    Failure   Level
 Cigotuvi's Dreadful Rot  Necr/Pois/Air  20%        N/A       11%         2
 Foxfire                  Conj/Fire      16%        2x1d4     19%         1
 Kiss of Death            Conj/Necr      12%        2d6       22%         1
 Passwall                 Tmut/Erth      5%         N/A       22%         2
 Ensorcelled Hibernation  Hex/Ice        0%         N/A       43%         2
 Kindle Blastsparks       Fire/Tloc/Air  12%        2d11      38%         3
 Confusing Touch          Hex            0%         N/A       67%         3
 Fulminant Prism          Conj/Hex       1%         3d5       92%         4
 Iskenderun's Mystic Bla  Conj/Tloc      3%         2d3       92%         4
 Animate Armour           Summ/Erth      0%         N/A       97%         4
 Dispel Undead            Necr           0%         3d6       97%         4
 Lee's Rapid Deconstruct  Erth           0%         3d4*      100%        5
 Iron Shot                Conj/Erth      1%         9d1       100%        6
 Blade Hands              Tmut           Unusable   N/A       N/A         5

Dungeon Overview and Level Annotations

Branches:
Dungeon (9/15)             Temple (0/1) D:4            Lair (0/5) D:8
  Sewer (visited)          Bailey (1/1)
    Orc: D:9-12

Altars:
Cheibriados
Makhleb
Qazlal
Ru
Xom

Shops:
D:7 *

Annotations:
D:3 Grinder
D:4 1 runed translucent door, NinjaNoafa's ghost, amateur DjCj
D:5 exclusion: downstairs
D:8 exclusion: downstairs


Innate Abilities, Weirdness & Mutations

You are immune to poison.
You have sharp fingernails.
Your flesh is cold resistant. (rC+)
You are immune to negative energy. (rN+++)
You do not regenerate when monsters are visible.
You are immune to unholy pain and torment.
You cannot study or use magical devices.
You thrive by killing the living.


Message History

Poisonous vapours surround the spriggan!
The spriggan is poisoned.
The spriggan shouts!
Aiming: Poisonous Vapours (safe; 5% risk of failure)
Press: ? - help, Q - select action, (/) - cycle Dir - move target, f/p - spriggan
Aim: a spriggan, wielding a +0 trident (poisoned) Poisonous vapours surround the spriggan!
The spriggan looks even sicker.
Aiming: Poisonous Vapours (safe; 5% risk of failure)
Press: ? - help, Q - select action, (/) - cycle Dir - move target, f/p - spriggan
Aim: a spriggan, wielding a +0 trident (very poisoned) Poisonous vapours surround the spriggan!
The spriggan looks even sicker.
Aiming: Poisonous Vapours (safe; 5% risk of failure)
Press: ? - help, Q - select action, (/) - cycle Dir - move target, f/p - spriggan
Aim: a spriggan, wielding a +0 trident (very poisoned) Poisonous vapours surround the spriggan!
The spriggan looks as sick as possible!
The spriggan hits you with a +0 trident.
You miss the spriggan.
The spriggan is lightly wounded.
The spriggan hits you with a +0 trident.
You miss the spriggan.
The spriggan is moderately wounded.
The spriggan hits you with a +0 trident!
You slash the spriggan! You burn the spriggan.
The spriggan is severely wounded.
The spriggan hits you with a +0 trident!
You closely miss the spriggan.
The spriggan is severely wounded.
The spriggan hits you with a +0 trident.
You miss the spriggan.
The spriggan is severely wounded.
The spriggan hits you with a +0 trident!
* * * LOW HITPOINT WARNING * * *
The spriggan barely misses you.
You barely miss the spriggan.
The spriggan is almost dead.
The spriggan hits you with a +0 trident!
You die...

#######
###.....###
##.....)...##
##.....).....##
#....∩...∩....#
##.).).......##
##..)@.)...##
###~)i~~###
#~~~~~#
##~~~~~##
#.......#
#.........#
#..#♣♣####..#
#..# #..# ..#
#..#


You could see a spriggan (very poisoned).

Vanquished Creatures
  2 two-headed ogres
  An elephant (D:8)
  Maggie (D:7)
  2 spriggans (Bailey)
  A shadow (D:8)
  6 yaks
  A basilisk (D:8)
  A steam dragon (D:8)
  A water moccasin (D:5)
  Pargi (D:3)
  An ice beast (D:6)
  4 black bears
  6 ogres
  A centaur (D:8)
  2 phantoms
  A kobold brigand (Sewer)
  A necrophage (D:8)
  A gnoll sergeant (D:5)
  A bullfrog (D:7)
  A scorpion (D:4)
  8 wights
  A howler monkey (D:5)
  An orc priest (D:9)
  6 hounds
  A jelly (D:4)
  3 iron imps (D:3)
  Terence (D:3)
  An orc wizard (D:8)
  Natasha (D:2)
  3 iguanas
  5 gnolls
  5 adders
  4 river rats (Sewer)
  2 shadow imps (D:6)
  4 worms
  A dart slug (D:1)
  7 orcs
  6 bats
  6 endoplasms
  2 giant cockroaches (D:1)
  13 goblins
  7 hobgoblins
  3 jackals (D:4)
  A quokka (D:4)
  6 ball pythons
  6 frilled lizards
  19 kobolds
  25 rats
184 creatures vanquished.

Vanquished Creatures (others)
  A wyvern (D:8)
  A fungus (D:8)
  2 plants (D:8)
4 creatures vanquished.

Grand Total: 188 creatures vanquished

Notes
Turn   | Place    | Note
-------+----------+-------------------------------------------
     0 | D:1      | ragingrage the Ghoul Wanderer began the quest for the Orb.
     0 | D:1      | ragingrage set off with the following items: a +0 club, a
                  | potion of haste, a +0 leather armour, a +0 buckler; and the
                  | following spells available to memorise: Sting, Poisonous
                  | Vapours, Foxfire, Cigotuvi's Dreadful Rot, Kindle
                  | Blastsparks.
     0 | D:1      | Reached XP level 1. HP: 14/14 MP: 1/1
   138 | D:1      | Learned a level 1 spell: Sting
   188 | D:1      | Reached skill level 1 in Unarmed Combat
   215 | D:1      | Reached XP level 2. HP: 20/20 MP: 0/2
   486 | D:1      | Reached skill level 1 in Transmutations
   508 | D:1      | Learned a level 2 spell: Poisonous Vapours
  1149 | D:2      | Reached XP level 3. HP: 26/26 MP: 1/3
  1383 | D:2      | Found a shimmering altar of Xom.
  1568 | D:2      | Noticed Natasha
  1585 | D:2      | Killed Natasha
  1586 | D:2      | Reached skill level 1 in Stealth
  1586 | D:2      | Reached skill level 1 in Air Magic
  1586 | D:2      | Reached XP level 4. HP: 19/33 MP: 0/4
  1959 | D:3      | Found a glowing drain.
  2030 | Sewer    | Entered a sewer
  2360 | Sewer    | Noticed a kobold brigand
  2376 | Sewer    | Killed a kobold brigand
  2377 | Sewer    | Reached XP level 5. HP: 19/38 MP: 1/5
  2750 | Sewer    | Reached XP level 6. HP: 45/45 MP: 4/6
  3427 | D:3      | Noticed Terence
  3493 | D:3      | Killed Terence
  4104 | D:3      | Found a burning altar of Makhleb.
  4457 | D:3      | Noticed Grinder
  4673 | D:3      | Noticed Pargi
  4783 | D:3      | Killed Pargi
  4784 | D:3      | Reached XP level 7. HP: 5/50 MP: 1/7
  5092 | D:4      | Found a sacrificial altar of Ru.
  5187 | D:4      | Found a snail-covered altar of Cheibriados.
  5209 | D:4      | Became a worshipper of Ru the Awakened
  5283 | D:4      | Reached skill level 5 in Unarmed Combat
  5504 | D:4      | Found a staircase to the Ecumenical Temple.
  5620 | D:4      | Found a runed translucent door.
  5857 | D:4      | Noticed NinjaNoafa's ghost (amateur DjCj)
  5876 | D:5      | Entered Level 5 of the Dungeon
  6076 | D:5      | Reached skill level 1 in Armour
  6392 | D:5      | Reached XP level 8. HP: 55/57 MP: 8/8
  6949 | D:6      | Gained mutation: You cannot study or use magical devices.
                  | [Ru sacrifice]
  6949 | D:6      | Reached * piety under Ru
  6949 | D:6      | Reached ** piety under Ru
  7643 | D:6      | Learned a level 3 spell: Swiftness
  7660 | D:6      | Identified the +8 battleaxe of Gufimut {flame, rPois Str+4
                  | Int+4}
  8143 | D:7      | Noticed Maggie
  8392 | D:7      | Killed Maggie
  8393 | D:7      | Reached skill level 3 in Axes
  8393 | D:7      | Reached XP level 9. HP: 54/62 MP: 9/9
  8431 | D:7      | Found Faffecol's Assorted Antiques.
  8450 | D:7      | Bought a scroll of fear for 112 gold pieces
  8450 | D:7      | Bought a green potion for 25 gold pieces
  8450 | D:7      | Bought a fizzy orange potion for 25 gold pieces
  9127 | D:7      | Reached skill level 4 in Axes
  9449 | D:8      | Reached skill level 5 in Axes
  9482 | D:8      | Noticed a two-headed ogre
  9495 | D:8      | Learned a level 3 spell: Mephitic Cloud
  9642 | D:8      | Identified the +2 chain mail of Piekewirio {rF- rN+++ Str+3
                  | Int+2}
  9695 | D:8      | Noticed an elephant
  9756 | D:8      | Killed an elephant
  9757 | D:8      | Reached skill level 5 in Air Magic
  9941 | D:8      | Reached skill level 6 in Axes
 10090 | D:8      | Killed a two-headed ogre
 10091 | D:8      | Reached skill level 7 in Axes
 10091 | D:8      | Reached XP level 10. HP: 43/69 MP: 10/10
 10367 | D:8      | Found a staircase to the Lair.
 10804 | D:9      | Found a stormy altar of Qazlal.
 10877 | D:8      | Reached skill level 8 in Axes
 10944 | D:9      | Reached skill level 9 in Axes
 11115 | D:9      | Found a flagged portal.
 11195 | Bailey   | Entered a bailey
 11368 | Bailey   | Noticed a two-headed ogre
 11391 | Bailey   | Killed a two-headed ogre
 11392 | Bailey   | Reached skill level 1 in Conjurations
 11660 | Bailey   | Slain by a spriggan

Illustrated notes

Levels and vault maps discovered:
D:1:      lightli_arrival_quake, layout_basic
D:2:      layout_basic, basic_altar, uniq_natasha
D:3:      layout_basic, demons_altar, cheibrodos_sewer_entry_sluice,
          grunt_ministairs_13, kennysheep_generic_room_15, uniq_terence,
          uniq_pargi, uniq_grinder
D:4:      layout_cave_pools, mainiacjoe_overflow_catwalk_spiral,
          minmay_temple_entry_poolview, ebering_ghost_reflecting_pool
D:5:      layout_loops_cross, st_stairs_7
D:6:      layout_basic, tso_metal_star
D:7:      layout_rooms, serial_shops, shop, sigmund_army, uniq_maggie
D:8:      layout_basic, david_lair_generic, serial_park_tiny_1
D:9:      layout_basic, nicolae_qazlal_scattered_showers, enter_bailey_5
Bailey:   bailey_polearm_enchanted_keep_hellmonk, bailey

Skill      XL: |  1  2  3  4  5  6  7  8  9 10 |
---------------+-------------------------------+-----
Unarmed Combat | 1 2 3 4 5 6 |  6.7
Transmutations | 1 2 3 4 |  4.0
Stealth        | 1 2 4 |  4.0
Air Magic      | 1 2 4 5 |  5.4
Armour         | 2 4 |  4.0
Axes           | 3 7 9 |  9.7
Conjurations   | 1 |  1.7
Shields        | |  2.6
Spellcasting   | |  1.0
Fire Magic     | |  1.0
Poison Magic   | |  5.5

Action                     |  1- 3 |  4- 6 |  7- 9 | 10-12 || total
---------------------------+-------+-------+-------+-------++-------
  Melee: Unarmed           |    57 |   175 |   129 |       ||   361
         Punch             |     1 |     7 |     4 |       ||    12
         Battleaxe         |       |       |    59 |    57 ||   116
  Throw: Dart              |       |     4 |       |       ||     4
         Boomerang         |       |       |     2 |       ||     2
   Cast: Sting             |    37 |    41 |     8 |       ||    86
         Poisonous Vapours |       |    29 |    86 |    41 ||   156
         Mephitic Cloud    |       |       |       |     6 ||     6
 Invoke: Sacrifice Artific |       |       |     1 |       ||     1
  Evoke: Wand              |       |     3 |       |       ||     3
    Use: Scroll            |     1 |     1 |     8 |     6 ||    16
         Potion            |     2 |     2 |     1 |     1 ||     6
   Stab: Confused          |       |       |       |     2 ||     2
 Armour: Leather armour    |    15 |    37 |       |       ||    52
         Ring mail         |       |       |    59 |       ||    59
         Acid dragon scale |       |       |    14 |    16 ||    30
  Dodge: Dodged            |    39 |   110 |   115 |    37 ||   301
  Block: Buckler           |     3 |       |       |       ||     3

Table legend: (Time is in decaauts)
 A = Elapsed time spent in this place.
 B = Non-inter-level travel time spent in this place.
 C = Inter-level travel time spent in this place.
 D = Time resting spent in this place.
 E = Time spent auto-exploring this place.
 F = Levels seen in this place.
 G = Mean time per level.
                   A        B        C        D        E       F      G
               +--------+--------+--------+--------+--------+-----+--------+
         Total |  11724 |  11317 |    407 |   4037 |   4760 |  11 | 1065.8 |
       Dungeon |   9937 |   9530 |    407 |   3321 |   4177 |   9 | 1104.1 |
         Sewer |   1315 |   1315 |      0 |    383 |    583 |   1 | 1315.0 |
        Bailey |    472 |    472 |      0 |    333 |      0 |   1 |  472.0 |
               +--------+--------+--------+--------+--------+-----+--------+

Top non-repeatable levels by time:
     D:3: 1883 daAuts
     D:8: 1542 daAuts
   Sewer: 1315 daAuts
     D:7: 1252 daAuts
     D:6: 1032 daAuts
     D:5: 1025 daAuts
     D:1: 980 daAuts
     D:4: 874 daAuts
     D:2: 873 daAuts
     D:9: 472 daAuts
  Bailey: 472 daAuts
